[Event "1st Semana Santa Torrevieja 2022"]
[Site "Torrevieja Alicante"]
[Date "2022.04.15"]
[Round "4.3"]
[White "Yuffa, Daniil"]
[Black "Vega Gutierrez, Sabrina"]
[Result "1-0"]
[ECO "E06"]
[WhiteElo "2576"]
[BlackElo "2385"]
[Annotator "TA"]
[PlyCount "69"]
[EventDate "2022.04.12"]
[EventType "swiss"]
[EventCountry "ESP"]
[SourceTitle "playchess.com"]
[Source "ChessBase"]
[SourceQuality "1"]
[TimeControl "5400+30"]

1. d4 d5 2. c4 e6 3. Nf3 c6 4. Nbd2 Nf6 5. g3 Be7 6. Bg2 O-O 7. O-O b6 8. Qc2 c5 {[%emt 0:00:25] E06: Closed Catalan: Early deviations.} 9. cxd5 exd5 10. dxc5 bxc5 {[%emt 0:00:11] The position is equal.} 11. e4 Nc6 12. exd5 Nxd5 13. a3 Rb8 14. Nc4 {[%emt 0:05:08] [#]} Be6 $146 ({Predecessor:} 14... Bf6 15. Rd1 Nd4 16. Nxd4 Bxd4 17. Be3 Nb6 18. Ne5 Bb7 19. Bxb7 Rxb7 20. Nc6 Qf6 21. Nxd4 cxd4 22. Rxd4 {1-0 (38) Chigaev,M (2631)-Garriga Cazorla,P (2472) Chess.com INT 2022}) 15. Nce5 Nxe5 16. Nxe5 {[%emt 0:00:05] Black must now prevent Nc6.} Qc8 {[%emt 0:04:53] Prevents Nc6.} 17. Bd2 Bf6 18. Rfe1 Qb7 (18... Qc7 $5 19. Nd3 Bd4 $11) 19. Rad1 Qc7 {[%emt 0:20:40] Inhibits Ba5.} ({Not} 19... Qxb2 20. Qxb2 Rxb2 21. Bc1 Bxe5 22. Bxd5 (22. Rxe5 Nc3 $11) (22. Bxb2 Bxb2 23. Bxd5 Bf5 $16) 22... Bxd5 23. Bxb2 (23. Rxd5 Bc3 $14) (23. Rxe5 Bf3 $11) 23... Bxb2 24. Rxd5 $16) 20. f4 (20. Nc4 $5 ) 20... c4 21. Bc1 ({Don't blunder} 21. Qxc4 $2 Bxe5 22. Qxc7 (22. Bxd5 $2 Qxc4 23. Bxc4 Bd4+ 24. Be3 Bxe3+ 25. Rxe3 Bxc4 $19) 22... Bd4+ 23. Be3 Bxe3+ 24. Rxe3 Nxc7 $19) 21... Ne7 22. Kh1 Rfd8 23. Bd2 (23. Rxd8+ $11 Rxd8 24. Bd2) 23... Bxe5 $17 24. Rxe5 {[%emt 0:00:04] [#]} Bd5 (24... Nc6 $1 $17 25. Ree1 Bg4) 25. Bc3 $36 {[%emt 0:02:53][%mdl 2048] White is pushing.} Bxg2+ 26. Kxg2 Qc6+ 27. Kg1 Nd5 28. Qe4 Qb6+ 29. Bd4 $2 (29. Kh1 $1 $11 Nxc3 30. Rxd8+ Qxd8 31. bxc3) 29... Nf6 $19 30. Qe3 {[%emt 0:00:32] [#]} Ng4 $4 (30... Qxb2 $1 $19 {[%cal Oc4c3][%mdl 512] Threatens to win with ...c3!} 31. a4 (31. Bxb2 $2 {perishes.} Rxd1+ 32. Kg2 Rxb2+ 33. Kh3 h5 $19) (31. g4 Nxg4) 31... Qc2) 31. Qe2 $18 {[%emt 0:00:23] White is clearly winning.} Qg6 32. Rg5 Rxd4 33. Rxg6 Rxd1+ 34. Qxd1 hxg6 35. Qxg4 {[%emt 0:00:04] Weighted Error Value: White=0.32/Black=0.42} 1-0

[Event "1st Semana Santa Torrevieja 2022"]
[Site "Torrevieja Alicante"]
[Date "2022.04.15"]
[Round "4.4"]
[White "Dardha, Daniel"]
[Black "Cruz, Jonathan"]
[Result "1-0"]
[ECO "D94"]
[WhiteElo "2541"]
[BlackElo "2363"]
[Annotator "TA"]
[PlyCount "69"]
[EventDate "2022.04.12"]
[EventType "swiss"]
[EventCountry "ESP"]
[SourceTitle "playchess.com"]
[Source "ChessBase"]
[SourceQuality "1"]
[TimeControl "5400+30"]

1. d4 Nf6 2. c4 c6 3. Nf3 d5 4. e3 g6 5. Nc3 Bg7 6. Be2 O-O 7. O-O Nbd7 8. cxd5 Nxd5 9. e4 Nxc3 10. bxc3 e5 {[%emt 0:00:22] D94: Grünfeld: 4 Nf3 Bg7 5 e3.} 11. Rb1 {[%emt 0:03:04] [#]} h6 $146 ({Predecessor:} 11... Re8 12. Bc4 Nb6 13. Bxf7+ Kxf7 14. Ng5+ Kg8 15. Qb3+ Nd5 16. exd5 cxd5 17. dxe5 Rxe5 18. Nf3 {1-0 (18) Chuchelov,V (2595)-Geirnaert,S (2368) Netherlands 2010}) 12. Re1 Re8 {[%emt 0:05:26] White is slightly better.} 13. Bd3 b5 14. Be3 a6 15. h4 exd4 16. cxd4 c5 17. dxc5 Bb7 ({Better is} 17... Ne5 $14 18. Nxe5 Bxe5) 18. a4 $16 Qe7 19. Rc1 Rec8 20. axb5 {[%emt 0:04:22] c6 is the strong threat.} Nxc5 21. bxa6 Nxa6 22. Rxc8+ (22. Bc4 {feels hotter.} Nb4 23. Qb3 Na2 24. Rc2) 22... Rxc8 23. h5 $1 Nc5 (23... gxh5 $16 24. Nd4 Bxd4 25. Bxd4 Nb4) 24. hxg6 $18 Nxd3 {[%emt 0:01:25] [#]} (24... fxg6 {was worth a try.} 25. Bxc5 Rxc5) 25. gxf7+ $1 ({Don't play} 25. Qxd3 $6 fxg6 26. Bd4 Rc7 $16) 25... Kf8 26. Qxd3 {[%emt 0:00:29] Chess con chili.} Bxe4 (26... Kxf7 $142 27. Bd4 Rc7 28. Bxg7 Kxg7) 27. Qa6 {[%emt 0:04:15] White is clearly winning.} Bb7 28. Qb6 Bxf3 {[%emt 0:08:16] [#]} 29. Bc5 $1 Rxc5 30. Qb8+ Kxf7 31. Rxe7+ Kxe7 32. Qa7+ {[%emt 0:00:06][%mdl 64] Skewer} Ke8 {[%emt 0:05:30] ( -> ...Rc1+)} 33. Qxc5 Bg4 34. Qe3+ Kd8 35. Qb6+ {[%emt 0:00:06] Weighted Error Value: White=0.06 (flawless) /Black=0.41} 1-0

[Event "1st Semana Santa Torrevieja 2022"]
[Site "Torrevieja Alicante"]
[Date "2022.04.15"]
[Round "4.5"]
[White "Suarez Uriel, Adrian"]
[Black "Chatalbashev, Boris"]
[Result "1-0"]
[ECO "C41"]
[WhiteElo "2348"]
[BlackElo "2515"]
[Annotator "TA"]
[PlyCount "143"]
[EventDate "2022.04.12"]
[EventType "swiss"]
[EventCountry "ESP"]
[SourceTitle "playchess.com"]
[Source "ChessBase"]
[SourceQuality "1"]
[TimeControl "5400+30"]

1. e4 g6 2. d4 Bg7 3. Nf3 d6 4. Nc3 Nf6 5. Be3 O-O 6. Qd2 e5 7. Bh6 exd4 8. Nxd4 Nxe4 {[%emt 0:18:20] C41: Philidor Defence.} 9. Nxe4 {[%emt 0:01:09] 0-0-0 is the strong threat.} Qh4 {[%emt 0:03:44][%csl LRe4,LRh6] [#]} 10. Bxg7 $146 ({Predecessor:} 10. Bf4 Re8 11. Qe3 Bxd4 12. Nf6+ Qxf6 13. Qxe8+ Kg7 14. Qxc8 Bxb2 15. Be2 Qxf4 16. O-O Be5 17. g3 Qe4 18. Rae1 c5 19. Bb5 {1-0 (19) Beyer,C (2305)-Hoersch,H (2222) Wuerttemberg 2001}) 10... Qxe4+ {[%emt 0:00:06] The position is equal.} 11. Be2 Kxg7 12. O-O-O Nc6 13. Nxc6 (13. Nb5 $5 ) 13... bxc6 14. h4 Rb8 15. h5 $1 Qe5 16. c3 g5 17. h6+ Kh8 18. Bd3 Be6 19. Rde1 Qf4 20. Qxf4 gxf4 21. Rh4 Rg8 22. Be4 c5 23. Rxf4 Bxa2 24. Bb1 Be6 25. g3 Rge8 26. Ra4 {[%emt 0:01:58][%mdl 1024] White has compensation.} Rb7 27. f4 {[%emt 0:03:38] Strongly threatening f5.} Reb8 28. Re2 (28. Bc2 $5 ) 28... Bg4 (28... Rg8 $11) 29. Rf2 {[%emt 0:00:28] &Bianco is more active.} (29. Re7 $1 $14) 29... f5 30. Bd3 Re8 31. Rf1 c6 32. Ra6 Re3 {[%emt 0:00:36] [#]} (32... Rc7 $11) 33. Rxc6 $1 $16 Kg8 34. Rxd6 (34. Bc4+ $16 Kf8 35. Rxd6) 34... Kf7 $2 {[%emt 0:00:14] [#]} (34... Be2 $14 35. Ba6 Bxa6 36. Rxa6 Rxg3) 35. Bc4+ $1 $18 Ke7 36. Rd3 Re2 (36... Rxd3 $16 37. Re1+ (37. Bxd3 Rb6 $16) 37... Kd6 38. Bxd3 Re7 39. Rxe7 Kxe7) 37. b3 a5 (37... Bh5 $142 38. Rdd1 Re4) 38. Rdd1 Re4 39. Bd5 Rb6 {[%emt 0:00:47] [#]} 40. Bxe4 ({White should try} 40. Rde1 $1 $18 Rxe1+ 41. Rxe1+ Kd7 42. Rh1) 40... Bxd1 $16 41. Rxd1 fxe4 $18 {[%emt 0:00:02][%mdl 4096] Endgame KR-KR} 42. Re1 Rxh6 (42... Rxb3 $16 {was called for.} 43. Rxe4+ Kd7) 43. Rxe4+ Kd6 44. Kd2 {[%emt 0:00:46] Hoping for Kd3.} Rg6 $2 (44... Rh3 $16 {keeps fighting.}) 45. Re3 h5 46. Kd3 Rg4 47. Rf3 Kd5 48. f5 c4+ (48... Rg7 $142 49. f6 Rf7 50. Rf5+ Ke6 51. Rxh5 Kxf6 52. Rxc5 Ra7) 49. bxc4+ Rxc4 50. f6 {[%emt 0:00:03] White threatens Rf5+ and mate.} Rc8 51. f7 Rf8 52. c4+ Ke6 53. Kd4 a4 54. Kc3 Ke5 55. Kb4 Kd4 56. Rf4+ Ke5 57. Rf2 (57. Kxa4 $142 h4 58. Rxh4 Rxf7 59. Kb5 Kd6 60. Kb6 Rf6 61. c5+ Kd5+ 62. Kb5) 57... Kd4 58. Rf5 a3 59. Rf4+ Ke5 60. Kxa3 {[%emt 0:00:03] Threatening mate with Ka4.} h4 61. Rxh4 {[%emt 0:00:05] Intending Rf4 and mate.} Rxf7 62. Kb4 Kd6 63. Rh6+ (63. g4 Rb7+ 64. Ka4 Ra7+ 65. Kb3 Rg7 $16) 63... Kc7 64. Rg6 ({Not} 64. g4 Rg7 $16) 64... Rf5 65. g4 Re5 66. g5 Rf5 67. Rg8 {[%emt 0:00:05] White mates.} Kb7 68. g6 Rg5 69. g7 Ka7 70. c5 Kb7 71. c6+ Kc7 72. Ra8 {[%emt 0:00:05] Weighted Error Value: White=0.12 (very precise) /Black=0.41} 1-0

[Event "1st Semana Santa Torrevieja 2022"]
[Site "Torrevieja Alicante"]
[Date "2022.04.15"]
[Round "4.6"]
[White "Nasuta, Grzegorz"]
[Black "Granero Roca, Antonio"]
[Result "1/2-1/2"]
[ECO "C45"]
[WhiteElo "2530"]
[BlackElo "2356"]
[Annotator "TA"]
[PlyCount "191"]
[EventDate "2022.04.12"]
[EventType "swiss"]
[EventCountry "ESP"]
[SourceTitle "playchess.com"]
[Source "ChessBase"]
[SourceQuality "1"]
[TimeControl "5400+30"]

1. e4 e5 2. Nf3 Nc6 3. d4 exd4 4. Nxd4 Bc5 5. Nb3 Bb6 6. Nc3 d6 7. Qe2 Be6 {[%emt 0:02:52] 7...a5 is becoming the main line. C45: Scotch Game.} 8. Be3 Nf6 9. O-O-O Qe7 {[%emt 0:01:31] White is slightly better.} 10. Bxb6 axb6 11. g3 O-O 12. Bg2 Rfe8 {[%emt 0:07:23] [#]} 13. Kb1 $146 ({Predecessor:} 13. a3 Na5 14. Nxa5 bxa5 15. Qd2 Rab8 16. Rhe1 Bd7 17. a4 Qe5 18. f3 Bc6 19. Bf1 {½-½ (30) Kudr,R (2259)-Glaser,K (2227) ICCF email 2016}) 13... Bxb3 (13... Ne5 $11) 14. cxb3 $14 d5 {[%emt 0:00:29][%cal Rd5e4] [#]} 15. exd5 $1 Nxd5 (15... Qxe2 16. Nxe2) 16. Bxd5 Qxe2 17. Nxe2 Rxe2 18. Rhf1 Kf8 19. Bf3 Re7 20. Rd2 Rd8 21. Rxd8+ Nxd8 $11 {[%emt 0:00:07][%mdl 4096] Endgame KRB-KRN} 22. Rd1 Ke8 23. b4 c6 24. Kc2 Re5 25. h4 Ne6 26. Rd2 Ke7 27. Kc3 g6 28. a3 h6 29. Re2 Rxe2 30. Bxe2 {[%emt 0:00:01] KB-KN} f5 31. b5 Kd6 32. Bf3 g5 33. hxg5 hxg5 34. Kd3 Nc5+ 35. Kc4 Nd7 {[%emt 0:00:37] [#] ...Ne5+ is the strong threat.} 36. Bg2 Ne5+ 37. Kd4 f4 38. gxf4 gxf4 39. bxc6 bxc6 40. Bf1 Nf3+ 41. Kd3 Ke5 42. Bh3 c5 43. Bc8 Nd4 44. Kc4 Kd6 45. b4 b5+ 46. Kd3 Nc6 47. bxc5+ Kxc5 48. Ke4 $2 (48. Bf5 $11) 48... b4 49. axb4+ Nxb4 {[%emt 0:00:15] Black continues to play with concentration.} 50. Bf5 {[%emt 0:00:26] Mate.} Kd6 51. Kxf4 Nd5+ 52. Ke4 Nf6+ 53. Kd4 Ng8 54. Bh3 Nf6 55. Bc8 Ne8 56. Ke4 Ke7 57. Ke5 Nd6 58. Bh3 Nc4+ 59. Kf5 Nd6+ 60. Kg6 Kf8 61. Bg2 Nc4 62. Kf6 Nb2 63. Be4 Nd1 64. f3 Ne3 65. f4 Nc4 66. Ke6 Ne3 67. Bf3 Nf1 68. Kd5 Ke7 69. Ke5 Ne3 70. Ke4 Nc4 71. Kf5 Nd6+ 72. Kg6 Kf8 73. Bd5 Nb5 74. Kf6 Nd4 75. Bc4 Nc2 76. Bd3 Ne3 77. Be4 Nc4 78. Ke6 Ne3 79. Bf3 Nf1 80. Kf6 Ne3 81. Ke5 Ke7 82. Be2 Ng2 83. f5 Ne3 84. f6+ Kf8 85. Bf3 Nf1 86. Bh5 Ne3 87. Ke4 Nc4 88. Kd4 Nd6 89. Kd5 Nf5 90. Bg6 Ne3+ 91. Ke6 Ng4 92. f7 Nh6 93. Kf6 Ng4+ 94. Kf5 Nh6+ 95. Ke6 Nxf7 96. Bxf7 {[%emt 0:00:06][%mdl 32768] Weighted Error Value: White=0.04 (flawless) /Black=0.03 (flawless) . An unexpected result.} 1/2-1/2

[Event "1st Semana Santa Torrevieja 2022"]
[Site "Torrevieja Alicante"]
[Date "2022.04.15"]
[Round "4.7"]
[White "Alonso Garcia, Aaron"]
[Black "Vasquez Schroeder, Rodrigo"]
[Result "1/2-1/2"]
[ECO "B90"]
[WhiteElo "2374"]
[BlackElo "2493"]
[Annotator "TA"]
[PlyCount "88"]
[EventDate "2022.04.12"]
[EventType "swiss"]
[EventCountry "ESP"]
[SourceTitle "playchess.com"]
[Source "ChessBase"]
[SourceQuality "1"]
[TimeControl "5400+30"]

1. e4 c5 2. Nf3 d6 3. d4 cxd4 4. Nxd4 Nf6 5. Nc3 a6 6. f3 e5 7. Nb3 Be6 8. Be3 h5 9. Nd5 {[%emt 0:00:06] B90: Sicilian Najdorf: Unusual White 6th moves, 6 Be3 Ng4 and 6 Be3 e5.} Bxd5 10. exd5 Nbd7 11. Qd2 {[%emt 0:00:04] The position is equal.} Qc7 12. c4 g6 13. Be2 a5 14. Rc1 {[%emt 0:01:21] seems to push 14.Rd1 aside.} b6 (14... a4 $11 15. Na1 Qa5) 15. O-O $14 Bg7 16. Na1 $1 {[%emt 0:03:58] &Bianco is more active.} O-O 17. Nc2 Nc5 18. Na3 h4 19. Nb5 Qd7 20. b3 {[%emt 0:12:28] [#]} Nh5 $146 ({Predecessor:} 20... h3 21. g3 Rfe8 22. Rb1 Re7 23. a3 a4 24. b4 Nb3 25. Qa2 Rae8 26. Nc3 Nd4 {1-0 (43) Kuznetsov,A (2417)-Klauner,T (2475) ICCF email 2011}) 21. Bg5 Bf6 22. Bxf6 Nxf6 23. Qe3 Nh5 $1 {[%emt 0:01:43] Inhibits f4.} 24. Rfd1 (24. Qh6 {with more complications.} Rfd8 25. Rc3 Qf5 26. Bd1) 24... Qe7 25. Bf1 (25. Qh6 {feels hotter.} Qf6 26. Rc3 Rfc8 27. Bf1) 25... Nf4 26. a3 Kg7 27. b4 axb4 28. axb4 Nd7 29. Ra1 Qf6 30. Nc3 Qe7 31. Nb5 Rfc8 32. Na7 (32. Kf2 $11) 32... Qg5 $1 $17 {[%emt 0:01:07] ...Nh3+ is the strong threat.} 33. Kf2 {[%emt 0:04:23] [#]} (33. Kh1 $17 Rxc4 34. Nb5 Rxa1 35. Rxa1) 33... Rc7 $2 (33... Rxc4 $1 $19 34. Bxc4 Qxg2+ 35. Ke1 Qxh2) 34. Nc6 Rcc8 (34... Re8 $11) 35. Na7 $1 $19 {[%emt 0:03:15] [#]} Rh8 (35... Rxc4 $1 $19 36. Bxc4 Qxg2+ 37. Ke1 Qxh2) 36. Nb5 $11 Qf6 (36... h3 $2 37. g3 $18) (36... Rxa1 37. Rxa1 Rd8 38. Ra3 $16 (38. Nxd6 Qe7 $14)) 37. Qc3 g5 ({Not} 37... h3 38. g3 $16) ({Much less strong is} 37... Rxa1 38. Rxa1 Rb8 39. Ra6 $16) 38. Rxa8 (38. Kg1 $16) 38... Rxa8 39. Ra1 Rd8 (39... Rxa1 $11 40. Qxa1 g4) 40. Kg1 $16 Qg6 41. Qe3 $36 {[%emt 0:02:35][%mdl 2048] White is on the roll.} f5 42. Ra7 {[%emt 0:08:44] Threatens to win with Qxb6.} Kh6 ({Better is} 42... g4 $1 $14) 43. Rc7 $18 {[%emt 0:00:30][%cal Ob5d6] Black must now prevent Nxd6!} e4 {[%emt 0:00:30] [#]} 44. Rc6 $2 (44. fxe4 $1 $18 Ne5 45. Qxb6 (45. exf5 Qxf5 46. Nd4 Qb1 $11)) 44... Ne5 {[%emt 0:00:30] Weighted Error Value: White=0.25 (precise) /Black=0.30} 1/2-1/2

[Event "1st Semana Santa Torrevieja 2022"]
[Site "Torrevieja Alicante"]
[Date "2022.04.15"]
[Round "4.8"]
[White "Sochacki, Christophe"]
[Black "Habans Aguerrea, Javier"]
[Result "0-1"]
[ECO "B50"]
[WhiteElo "2485"]
[BlackElo "2340"]
[Annotator "TA"]
[PlyCount "90"]
[EventDate "2022.04.12"]
[EventType "swiss"]
[EventCountry "ESP"]
[SourceTitle "playchess.com"]
[Source "ChessBase"]
[SourceQuality "1"]
[TimeControl "5400+30"]

1. e4 c5 2. Nf3 d6 3. c3 Nf6 4. Be2 Nbd7 5. d3 g6 6. O-O Bg7 7. Re1 O-O 8. Bf1 e5 {[%emt 0:04:56] B50: Sicilian: 2...d6, Miscellaneous.} 9. d4 exd4 10. cxd4 cxd4 {[%emt 0:00:07] The position is equal.} 11. Nxd4 Re8 12. Nc3 a6 {[%emt 0:01:55] Inhibits Ndb5.} 13. Bg5 {[%emt 0:00:00] [#]} h6 $146 ({Predecessor:} 13... Qa5 14. Bh4 b5 15. Nc6 Qb6 16. Nb4 Bb7 17. Qd2 Nxe4 18. Nxe4 Bxe4 19. Rad1 a5 {1-0 (61) Goryachkina,A (2579)-Obolentseva,A (2305) Moscow 2020}) 14. Bh4 Nc5 15. b4 {[%emt 0:00:00] [#]} (15. f3 $16) 15... Ne6 (15... g5 $1 $11 {was preferrable.} 16. bxc5 dxc5 17. Bxg5 hxg5) 16. Nxe6 Bxe6 17. Rc1 Qb6 18. a3 Rac8 19. Qd2 Ng4 20. Na4 (20. h3 $5 Qd4 21. Qxd4 Bxd4 22. Ne2 $11) 20... Qd4 21. Qxd4 Bxd4 22. h3 Rxc1 23. Rxc1 Ne5 24. Rd1 Nc6 25. b5 Bb3 26. Rd2 (26. Rd3 $15 axb5 27. Rxb3 bxa4 28. Rxb7) 26... axb5 $19 (26... Bxa4 27. bxc6 Bc3 28. Rd3 $16 (28. Rxd6 Bxc6 29. f3 Be5 $11)) 27. Bxb5 {[%emt 0:00:00][%cal Od2d4] And now Rxd4! would win.} Rxe4 28. Bg3 {[%emt 0:00:00] [#]} Na7 $1 29. Bd7 Nc6 30. Nb2 d5 31. Rd3 Ba2 ({Stronger than} 31... Bxb2 32. Rxb3 Be5 33. Bxe5 Nxe5 34. Rxb7 $11) 32. Nd1 $2 {[%emt 0:01:04] Loses the game.} (32. Kh2 $17 {was the only defense.}) 32... Ne5 33. Bxe5 Re1+ ({But not} 33... Bxe5 $2 34. Re3 $19) 34. Kh2 Bxe5+ 35. g3 d4 {[%emt 0:01:01] ...Bd5 is the strong threat.} 36. f4 Re2+ 37. Nf2 {[%emt 0:01:10] [#]} Bc4 $1 38. Rd1 (38. Kg1 Bxd3) 38... Rxf2+ 39. Kg1 Re2 40. fxe5 {[%emt 0:00:03][%mdl 4096] Endgame KRB-KRB} d3 41. Bg4 Rxe5 42. Kf2 b5 43. Bf3 Re6 44. Rc1 Ra6 45. Rc3 $2 (45. Ra1) 45... Rf6 {[%emt 0:00:18] Weighted Error Value: White=0.44/Black=0.19 (very precise)} 0-1

[Event "1st Semana Santa Torrevieja 2022"]
[Site "Torrevieja Alicante"]
[Date "2022.04.15"]
[Round "4.9"]
[White "Efimovich, Sergey"]
[Black "Cabrera, Alexis"]
[Result "1/2-1/2"]
[ECO "E61"]
[WhiteElo "2318"]
[BlackElo "2482"]
[Annotator "TA"]
[PlyCount "166"]
[EventDate "2022.04.12"]
[EventType "swiss"]
[EventCountry "ESP"]
[SourceTitle "playchess.com"]
[Source "ChessBase"]
[SourceQuality "1"]
[TimeControl "5400+30"]

1. d4 Nf6 2. Nf3 g6 3. e3 Bg7 4. Be2 O-O 5. O-O d6 6. c4 Nbd7 7. Nc3 e5 8. Qc2 Re8 9. Rd1 exd4 {[%emt 0:03:05] E61: King's Indian: Early deviations for White, including Smyslov System.} 10. exd4 Nb6 11. h3 Bf5 12. Bd3 Bxd3 13. Qxd3 {[%emt 0:00:02] [#]} Qd7 $146 ({Predecessor:} 13... d5 14. c5 Nbd7 15. Bf4 c6 16. Re1 Nf8 17. b4 a6 18. Rxe8 Nxe8 19. Re1 Ne6 20. Bg3 Qf6 21. Ne2 Ng5 22. Nd2 {½-½ (22) Jeute,V (2214)-Mileto,G (2219) ICCF email 2018}) 14. b3 Re7 15. Be3 Rae8 16. Rac1 c6 17. d5 c5 18. a3 Ne4 19. Nxe4 Rxe4 20. Rc2 Qf5 21. b4 {[%emt 0:00:43] [#]} (21. Kf1 $14) 21... Nd7 (21... Rxc4 $1 $17 22. Qxf5 gxf5 23. Rxc4 Nxc4 24. bxc5 Nxe3 25. fxe3 dxc5) 22. Nh2 ({White should try} 22. Rcc1 $11) 22... Bd4 $15 23. Nf1 {[%emt 0:00:07] And now Ng3 would win.} Bxe3 24. Nxe3 Qf4 25. Qb3 a6 26. bxc5 Nxc5 27. Qc3 h5 {[%emt 0:00:16] Against Ng4} 28. Rb1 R8e7 29. Re2 R4e5 30. Rf1 g5 31. Qa5 Re8 {[%emt 0:02:15] Against Qd8} 32. Qc7 Qf6 33. Qb6 Qg6 34. Qb1 Re4 35. Ree1 Qf6 36. Qd1 Qg6 37. Nc2 R8e5 38. Rxe4 Rxe4 39. Re1 Rxe1+ 40. Nxe1 Qe4 41. Nf3 g4 42. hxg4 hxg4 43. Nd2 Qd4 44. Qe2 $1 g3 {[%emt 0:00:30] Threatens to win with ...Nd3.} 45. Qe3 gxf2+ 46. Kxf2 Nd3+ 47. Kf3 (47. Ke2 $11 {is more appropriate.} Nf4+ 48. Kf3 Qxe3+ 49. Kxe3 Nxg2+ 50. Kf2) 47... Ne5+ 48. Ke2 Qg4+ 49. Kf2 Kf8 50. c5 Qh4+ 51. Kg1 $1 Ng4 52. Qf4 dxc5 53. Nf1 Ke7 (53... c4 $11) 54. Qc7+ (54. Ng3 $1 $14 Ke8 55. Qb8+ Qd8 56. Qxb7) 54... Ke8 (54... Kf8 $5 55. Qb8+ (55. Qxc5+ Kg8 $11) 55... Kg7 $11) 55. Qc8+ Ke7 56. Qxb7+ Kd6 57. Qc6+ Ke5 $1 {[%emt 0:00:12] [#] ( -> ...Qf2+)} 58. Qxc5 {[%emt 0:00:04] aiming for g3.} Nf6 59. Qc7+ Kxd5 60. Ne3+ Ke6 61. Qc6+ Ke5 62. Qc7+ Ke6 63. Qb6+ Kd7 64. Qb7+ Kd8 65. Qxa6 (65. Qxf7 $14 Qe1+ 66. Nf1) 65... Qd4 $11 (65... Qe1+ 66. Nf1 Qe5 67. Qa8+ Ke7 68. Qa7+ Kd8 69. Qb6+ (69. Qxf7 Qd4+ 70. Kh2 Qh4+ 71. Kg1 Qd4+ 72. Kh2 Qh4+ 73. Kg1 Qd4+ $11) 69... Kd7 70. Ne3 $14) 66. Qa5+ Kd7 67. Qb5+ Kd8 68. Qb8+ Kd7 69. Qb3 ({Don't take} 69. Qb7+ Kd6 70. Qb8+ Kd7 $14) 69... Ke8 70. Kf1 Ne4 $1 {[%emt 0:00:41] White must now prevent ...Nd2+.} 71. Qb5+ Kd8 {[%emt 0:00:59] Strongly threatening ...Qa1+.} 72. Qd5+ (72. Qb8+ {keeps more tension.} Kd7 73. Qb7+ Kd8 74. Qe7+) 72... Qxd5 73. Nxd5 {[%emt 0:00:03][%mdl 4096] Endgame KN-KN} Kd7 74. Ke2 Kd6 (74... Kc6 $11 {deserves consideration.}) 75. Nb4 (75. Ne3 $14) 75... Kc5 76. Ke3 Nd6 77. Kf4 ({White should play} 77. Nd3+ $14 Kd5 78. Nb2) 77... Kc4 {[%emt 0:00:51] The position is equal.} 78. Nc6 Kb3 79. Ke5 Nc4+ $1 80. Kf6 Ne3 81. g3 Nf1 82. Nd4+ Kc4 83. Nf5 Nxg3 {[%emt 0:00:08] Weighted Error Value: White=0.15 (very precise) /Black=0.13 (very precise)} 1/2-1/2

[Event "1st Semana Santa Torrevieja 2022"]
[Site "Torrevieja Alicante"]
[Date "2022.04.15"]
[Round "4.10"]
[White "Rakotomaharo, Fy Antenaina"]
[Black "Vereggen, Lars"]
[Result "1-0"]
[ECO "B12"]
[WhiteElo "2474"]
[BlackElo "2326"]
[Annotator "TA"]
[PlyCount "123"]
[EventDate "2022.04.12"]
[EventType "swiss"]
[EventCountry "ESP"]
[SourceTitle "playchess.com"]
[Source "ChessBase"]
[SourceQuality "1"]
[TimeControl "5400+30"]

1. e4 c6 2. d4 d5 3. e5 Bf5 4. h4 h5 5. Bd3 Bxd3 6. Qxd3 e6 7. Bg5 {[%emt 0:00:00] B12: Caro-Kann: Advance Variation.} Qb6 8. Nd2 {[%emt 0:00:00] Active counter play!} Qa6 9. c4 {[%emt 0:00:00] The position is equal.} Ne7 10. Ngf3 Nd7 11. O-O Nf5 12. b3 Ba3 13. Rfb1 {[%emt 0:00:00] [#]} c5 $146 (13... O-O $1 $11 {remains equal.}) ({Predecessor:} 13... Be7 14. Bxe7 Nxe7 15. a4 Nf5 16. b4 dxc4 17. Nxc4 b5 18. Nd6+ Nxd6 19. exd6 O-O {1-0 (33) Taichman,O (2293)-Bendayan Claros,A (2188) Chess.com INT 2021}) 14. dxc5 $1 $16 Bb4 15. Qc2 $36 {[%emt 0:00:00][%mdl 2048] White is really pushing.} Bxd2 16. Bxd2 (16. Qxd2 $142 dxc4 17. Rd1) 16... dxc4 17. b4 $1 (17. Qxc4 Qxc4 18. bxc4 Nxc5 $11) (17. bxc4 Nxc5 18. Rb5 Qc6 $14) 17... Qc6 18. Qxc4 b6 19. Qa6 Nb8 20. Qa3 bxc5 21. b5 Qd5 22. Rd1 {[%emt 0:00:00] Bg5 is the strong threat.} Nd7 23. Bg5 (23. Be3 $16 Qb7 24. Bxc5) 23... Qb7 $14 24. Rd3 (24. Qd3 $14) 24... O-O (24... Rc8 $11) 25. Rad1 Nb6 26. Qxc5 Nd5 27. Qc4 Rac8 28. Qe4 Rc5 29. a4 Rfc8 30. Nd4 Nxd4 31. Rxd4 (31. Qxd4 Rc4 32. Qa1 Re4 $11) 31... Qb8 32. R1d3 Nc3 33. Qf3 Nd5 34. Qg3 Nc3 {[%emt 0:12:31] Strongly threatening ...Ne2+.} 35. Qf3 {[%emt 0:00:09] Inhibits Ne2+.} (35. Rd8+ Rxd8 36. Rxc3 (36. Rxd8+ $2 Qxd8 37. Bxd8 Ne2+ 38. Kh2 Nxg3 $19) 36... Rd1+ 37. Kh2 Qxe5 38. Qxe5 Rxe5 $17) (35. Rd2 {seems wilder.} Nd5 36. Bh6 g6 37. R2d3) 35... Nd5 36. Qg3 Nc3 $1 {[%emt 0:00:06] Hoping for ...Ne2+.} 37. Kf1 {[%emt 0:00:03] Against Ne2} ({Weaker is} 37. Rd8+ Rxd8 38. Rxc3 (38. Rxd8+ $2 {loses.} Qxd8 39. Bxd8 Ne2+ 40. Kh2 Nxg3 $19) 38... Rd1+ 39. Kh2 Qxe5 40. Qxe5 Rxe5 $17) 37... Qxe5 $4 {[%emt 0:01:29][%mdl 8192] [#]} (37... Nd5 $14) 38. Rd8+ $1 $18 Rxd8 39. Rxd8+ Kh7 40. Qxe5 (40. Qf3 $18 Kg6 41. Rh8 Qe2+ 42. Qxe2 Nxe2 43. Kxe2) 40... Rxe5 {[%emt 0:00:25][%mdl 4096] Endgame KRB-KRN} 41. Rd4 $1 {[%emt 0:01:13] And now Bf4 would win.} Rc5 $1 42. Be7 Rc8 (42... Rd5 $2 43. Rxd5 Nxd5 44. Bc5 $18) 43. Ba3 Nd5 44. Ke1 Kg6 45. Kd2 Kf5 46. Bb2 Nb6 47. Kd3 e5 48. Rb4 ({Much weaker is} 48. Re4 Rd8+ 49. Ke3 f6 $17) 48... f6 49. a5 Nd7 (49... Nd5 $11 50. Rb3 Nf4+ 51. Kd2 Nxg2) 50. f3 Ke6 51. g4 hxg4 52. Rxg4 Rc7 (52... Rc5 $5 ) 53. Ba3 Rb7 $2 {[%emt 0:01:07] [#]} (53... f5 $11 54. Rg6+ Nf6) 54. Kc4 $1 Rc7+ 55. Kb4 Kf7 (55... Nc5) 56. Rc4 Rxc4+ 57. Kxc4 {[%emt 0:00:04] KB-KN} Ke6 58. Bc1 (58. Bc5 $142 Nxc5 59. Kxc5) 58... e4 59. fxe4 Ne5+ 60. Kc5 Kd7 61. Be3 Kc7 62. Bf4 {[%emt 0:00:13] Weighted Error Value: White=0.25 (precise) /Black=0.32} 1-0